 Dungeon Crawl Stone Soup version 0.18.1-6-gd335043 (webtiles) character file.

139 kae the Poker (level 5, 0/49 HPs)
             Began as a Naga Fighter on May 16, 2016.
             Slain by an adder (4 damage)
             ... on level 3 of the Dungeon.
             The game lasted 00:04:33 (1924 turns).

kae the Poker (Naga Fighter)                        Turns: 1924, Time: 00:04:33

Health: 0/49       AC:  6    Str: 18      XL:     5   Next: 22%
Magic:  5/5        EV:  5    Int:  7 (9)  God:
Gold:   129        SH:  8    Dex:  9 (11) Spells: 0 memorised, 4 levels left

rFire  . . .     SeeInvis +     a - +0 trident
rCold  . . .     Gourm    .     b - +0 scale mail
rNeg   . . .     Faith    .     c - +0 shield
rPois  +         Spirit   .     (no helmet)
rElec  .         Dismiss  .     e - +0 cloak
rCorr  .         Reflect  .     (no gloves)
SustAt .         Harm     .     (no barding)
MR     .....                    (no amulet)
Stlth  ..........               (no ring)
                                (no ring)

@: lethally poisoned (0 -> -2), very slow, not resistant to hostile
enchantments, extremely unstealthy
A: see invisible, blink, deformed body, poison resistance, slowness 2, slow
metabolism 1, spit poison 2, AC +1
a: Spit Poison, Blink


You were on level 3 of the Dungeon.
You were not hungry.

You visited 1 branch of the dungeon, and saw 3 of its levels.

You collected 129 gold pieces.

Inventory:

Hand Weapons
 a - a +0 trident (weapon)
Armour
 b - a +0 scale mail (worn)
 c - a +0 shield (worn)
 e - a +0 cloak (worn)
Scrolls
 l - a scroll of noise
Potions
 g - 2 potions of degeneration
 j - a potion of magic
Comestibles
 f - 2 bread rations
 h - 3 meat rations
 n - a beef jerky


   Skills:
 - Level 3.0 Fighting
 + Level 5.2 Polearms
 - Level 2.4 Armour
 - Level 2.4 Shields


You had 4 spell levels left.
You didn't know any spells.

Dungeon Overview and Level Annotations

Branches:
Dungeon (3/15)

Altars:
Vehumet


Innate Abilities, Weirdness & Mutations

You cannot wear boots.
Your serpentine skin is tough (AC +1).
You have supernaturally acute eyesight.
Armour fits poorly on your strangely shaped body.
Your system is resistant to poisons.
You cover ground very slowly.
You have a slow metabolism.
You can spit poison.
You can translocate small distances at will.


Message History

The adder is heavily wounded.
You have got your breath back.
You block the adder's attack. The adder barely misses you.
You miss the adder.
The adder is heavily wounded.
You feel sick. The adder bites you but does no damage.
Your scale mail prevents you from hitting the adder.
The adder is severely wounded.
The adder bites you but does no damage. You block the adder's attack.
Your shield and scale mail prevent you from hitting the adder.
The adder is severely wounded.
The adder bites you but does no damage.
You miss the adder.
The adder is severely wounded.
You feel sick.
The adder looks more healthy.
The adder bites you but does no damage.
Your scale mail prevents you from hitting the adder.
The adder is almost dead.
The adder bites you.
You die...

. ###### ... .....#
.....###########.....#
.....%†@SSr..........##
......####r............
...... #.........#
.%.... #S........#
...... #[........#####
......####r........##...
. .......#.r.........<.)
#.†#.#..............
#.†.#.........####.


You could see an adder, a quokka, a ball python and a rat.

Vanquished Creatures
  4 gnolls (D:2)
  3 adders
  An ooze (D:3)
  2 worms (D:2)
  2 dart slugs
  A giant gecko (D:2)
  2 orcs (D:3)
  3 ball pythons
  4 bats
  A giant cockroach (D:3)
  8 goblins
  6 hobgoblins
  3 quokkas
  5 giant newts
  5 kobolds
  7 rats
57 creatures vanquished.

Notes
Turn   | Place    | Note
--------------------------------------------------------------
     0 | D:1      | kae the Naga Fighter began the quest for the Orb.
     0 | D:1      | Reached XP level 1. HP: 21/21 MP: 1/1
   154 | D:1      | Reached XP level 2. HP: 23/28 MP: 2/2
   369 | D:1      | You fall through a shaft!
   413 | D:1      | Reached skill level 3 in Polearms
   851 | D:2      | Reached XP level 3. HP: 34/34 MP: 3/3
  1037 | D:2      | Reached skill level 4 in Polearms
  1052 | D:2      | Found a radiant altar of Vehumet.
  1109 | D:2      | Reached XP level 4. HP: 33/42 MP: 4/4
  1118 | D:2      | Gained mutation: You expend magic power (3 MP) to strengthen your wands. [potion of mutation]
  1118 | D:2      | Lost mutation: You expend magic power (3 MP) to strengthen your wands. [potion of mutation]
  1118 | D:2      | Gained mutation: You can translocate small distances at will. [potion of mutation]
  1765 | D:3      | Reached skill level 5 in Polearms
  1765 | D:3      | Reached XP level 5. HP: 42/49 MP: 5/5
  1924 | D:3      | Slain by an adder

Skill      XL: |  1  2  3  4 |
---------------+-------------+-----
Polearms       | 3 4 5 |  5.2
Fighting       | |  3.0
Armour         | |  2.4
Shields        | |  2.4

Action                   |  1- 3 |  4- 6 || total
-------------------------+-------+-------++-------
Melee: Trident           |    91 |   145 ||   236
 Abil: Spit Poison       |     3 |    12 ||    15
       Blink             |       |     2 ||     2
  Use: Potion            |     1 |     6 ||     7
       Scroll            |       |     1 ||     1
  Eat: Chunk             |     1 |     3 ||     4
Armor: Scale mail        |    34 |   142 ||   176
Dodge: Dodged            |    17 |    57 ||    74
Block: Shield            |    31 |   106 ||   137
